 Dungeon Crawl Stone Soup version 0.29.0-11-gd7f09526c8 (webtiles) character file.

Game seed: 3197032434129922417

530 Jase the Shooter (level 7, -4/59 HPs)
             Began as a Minotaur Hunter on Sept 4, 2022.
             Was a Believer of Qazlal.
             Slain by Prince Ribbit (12 damage)
             ... on level 5 of the Dungeon.
             The game lasted 00:09:20 (3318 turns).

Jase the Shooter (Minotaur Hunter)                  Turns: 3318, Time: 00:09:20

Health: -4/59      AC: 12    Str: 17    XL:     7   Next: 3%
Magic:  7/7        EV:  8    Int:  6    God:    Qazlal [**....]
Gold:   269        SH:  3    Dex: 14    Spells: 6/6 levels left

rFire   . . .      SeeInvis .   a - +0 hand axe
rCold   . . .      Faith    .   (no shield)
rNeg    + . .      Spirit   .   s - +2 chain mail {rN+}
rPois   .          Reflect  .   (helmet restricted)
rElec   .          Harm     .   q - scarf {repulsion}
rCorr   .          Rampage  .   (no gloves)
Will    +....                   d - +0 pair of boots
Stlth   ..........              o - amulet of regeneration
HPRegen 0.99/turn               v - ring of willpower
MPRegen 0.10/turn               (no ring)

@: repel missiles
A: horns 2, retaliatory headbutt
a: Renounce Religion, Upheaval


You were on level 5 of the Dungeon.
You worshipped Qazlal.
Qazlal was pleased with you.
You visited 1 branch of the dungeon, and saw 5 of its levels.

You collected 269 gold pieces.

Inventory:

Hand Weapons
 a - a +0 hand axe (weapon)
 b - a +0 shortbow
Armour
 d - a +0 pair of boots (worn)
 q - a scarf of repulsion (worn)
 s - a +2 chain mail of positive energy (worn)
Jewellery
 o - an amulet of regeneration (around neck)
 v - a ring of willpower (left hand)
Wands
 y - a wand of flame (11)
Scrolls
 e - a scroll of immolation
 f - a scroll of fear {unknown}
 k - a scroll of magic mapping {unknown}
 m - 4 scrolls of teleportation {unknown}
 n - 2 scrolls of noise {unknown}
 p - 6 scrolls of identify {unknown}
 r - a scroll of poison {unknown}
 t - a scroll of acquirement {unknown}
 w - a scroll of summoning {unknown}
 x - a scroll of blinking {unknown}
 z - a scroll of enchant weapon {unknown}
Potions
 c - a potion of attraction {unknown}
 g - 4 potions of curing
 h - 3 potions of heal wounds
 i - 4 potions of haste {unknown}
 j - a potion of berserk rage {unknown}
 l - 3 potions of degeneration {unknown}
 u - a potion of ambrosia {unknown}


   Skills:
 + Level 4.0 Fighting
 * Level 3.6 Axes
 + Level 5.7 Ranged Weapons
 + Level 3.8 Armour
 - Level 3.3 Dodging
 - Level 1.0 Stealth
 + Level 2.4 Invocations


You had 6 spell levels left.
You didn't know any spells.
Your spell library contained the following spells:

 Spells                   Type           Power      Damage    Failure   Level
 Shock                    Conj/Air       0%         1d3       100%        1
 Call Canine Familiar     Summ           0%         N/A       100%        3
 Ozocubu's Armour         Ice            0%         N/A       100%        3
 Portal Projectile        Hex/Tloc       0%         N/A       100%        3
 Swiftness                Air            0%         N/A       100%        3
 Airstrike                Air            0%         2d(0-16)  100%        4
 Leda's Liquefaction      Hex/Erth       0%         N/A       100%        4
 Metabolic Englaciation   Hex/Ice        0%         N/A       100%        5
 Simulacrum               Ice/Necr       0%         N/A       100%        6


Dungeon Overview and Level Annotations

Branches:
Dungeon (5/15)             Temple (0/1) D:4

Altars:
Cheibriados
Fedhas
Hepliaklqana
Makhleb
Qazlal
Trog
Uskayaw
Xom

Shops:
D:1 *   D:2 :

Annotations:
D:4 3 runed translucent doors, Tollund's ghost, amateur TrTm
D:5 Prince Ribbit


Innate Abilities, Weirdness & Mutations

You have a pair of horns on your head.
You reflexively headbutt those who attack you in melee.


Message History

You shoot an arrow. The arrow hits the ogre.
The ogre is moderately wounded.
a - a +0 hand axe (weapon)
The ogre hits you with a +0 giant club!!
You closely miss Prince Ribbit. You closely miss the ogre.
Prince Ribbit blinks!
The ogre hits you with a +0 giant club!
You hit the ogre but do no damage.
The ogre is moderately wounded.
You miss Prince Ribbit. Prince Ribbit closely misses you.
The ogre barely misses you. You furiously retaliate!
You headbutt the ogre, but do no damage.
You slash the ogre!
The ogre is heavily wounded.
You barely miss Prince Ribbit. Prince Ribbit hits you!
Prince Ribbit hits you but does no damage.
The ogre barely misses you.
You barely miss the ogre.
The ogre is heavily wounded.
You hit Prince Ribbit.
Prince Ribbit hits you but does no damage.
Prince Ribbit hits you.
You hit the ogre. You headbutt the ogre!
You kill the ogre!
Qazlal accepts your kill.
You hit Prince Ribbit. Prince Ribbit hits you.
Your Fighting skill increases to level 4!
You have reached level 7!
You closely miss Prince Ribbit.
Prince Ribbit is lightly wounded.
Prince Ribbit hits you.
Prince Ribbit hits you but does no damage.
You closely miss Prince Ribbit. You punch Prince Ribbit.
Prince Ribbit is moderately wounded.
Prince Ribbit hits you!
* * * LOW HITPOINT WARNING * * *
You hit Prince Ribbit. You headbutt Prince Ribbit!
Prince Ribbit is severely wounded.
Prince Ribbit hits you!
You die...

##...
#.#
###...
#.#
.....
#.#
###.
#.# #
#.# #.
#.#
#..#.#
#..†##
#..)@#
#.#F..#
#.#.#.#
#.#.#..
#
#.##..
#.# #..
#.# ###
#.


You could see Prince Ribbit.

Vanquished Creatures
  An ogre (D:5)
  3 scorpions
  A necrophage (D:5)
  An iguana (D:5)
  Ijyb (D:4)
  9 adders
  A worm (D:3)
  A dart slug (D:2)
  8 orcs
  4 endoplasms
  3 giant cockroaches
  2 goblins
  8 hobgoblins
  6 jackals
  4 quokkas
  3 ball pythons
  5 bats
  2 frilled lizards
  7 kobolds
  6 rats
76 creatures vanquished.

Notes
Turn   | Place    | Note
-------+----------+-------------------------------------------
     0 | D:1      | Jase the Minotaur Hunter began the quest for the Orb.
     0 | D:1      | Reached XP level 1. HP: 18/18 MP: 0/0
   127 | D:1      | Reached skill level 1 in Stealth
   158 | D:1      | Reached XP level 2. HP: 25/25 MP: 1/1
   188 | D:1      | Found a faded altar of an unknown god.
   196 | D:1      | Prayed at the altar of an unknown god.
   196 | D:1      | Became a worshipper of Qazlal Stormbringer
   196 | D:1      | Reached * piety under Qazlal
   203 | D:1      | Reached skill level 1 in Armour
   342 | D:1      | Found Wiv Dau's Assorted Antiques.
   527 | D:2      | You fall into a shaft and drop 1 floor!
   706 | D:3      | Reached XP level 3. HP: 30/30 MP: 2/2
   878 | D:2      | Found Lusorhin's Book Shop.
  1053 | D:2      | Reached ** piety under Qazlal
  1245 | D:2      | Reached skill level 5 in Ranged Weapons
  1245 | D:2      | Reached XP level 4. HP: 37/37 MP: 3/3
  1848 | D:3      | Found a burning altar of Makhleb.
  1855 | D:3      | Found a shimmering altar of Xom.
  1858 | D:3      | Found a blossoming altar of Fedhas.
  1858 | D:3      | Found a hide-covered altar of Uskayaw.
  1865 | D:3      | Found a bloodstained altar of Trog.
  2190 | D:4      | Found a hazy altar of Hepliaklqana.
  2201 | D:4      | Reached skill level 1 in Invocations
  2204 | D:4      | Found a runed translucent gate.
  2204 | D:4      | Found a runed translucent gate.
  2206 | D:4      | Found a runed translucent gate.
  2206 | D:4      | Noticed Tollund's ghost (amateur TrTm)
  2220 | D:4      | Found a snail-covered altar of Cheibriados.
  2289 | D:4      | Found a staircase to the Ecumenical Temple.
  2291 | D:4      | Noticed Ijyb
  2291 | D:4      | Noticed a scorpion
  2317 | D:4      | Killed a scorpion
  2318 | D:4      | Reached skill level 1 in Axes
  2318 | D:4      | Reached XP level 5. HP: 17/45 MP: 3/5
  2332 | D:4      | Killed Ijyb
  2997 | D:5      | Entered Level 5 of the Dungeon
  3063 | D:5      | Reached XP level 6. HP: 42/51 MP: 6/6
  3307 | D:5      | Noticed Prince Ribbit
  3316 | D:5      | Reached XP level 7. HP: 20/59 MP: 7/7
  3318 | D:5      | Slain by Prince Ribbit

Illustrated notes

Levels and vault maps discovered:
D:1:      saegor_arrival_simple_a, layout_rooms,
          ebering_ecumenical_altar_petrified, serial_shops,
          nicolae_shop_hallway_plus, minmay_splitting_lines
D:2:      layout_loops_cross, serial_shops, nicolae_square_shop
D:3:      layout_loops_ring, nicolae_overflow_hallway_of_the_gods
D:4:      layout_loops_cross, mainiacjoe_overflow_cross_hatched,
          nicolae_hepliaklqana_hazy_memory, minmay_temple_entry_stoned_glass,
          gammafunk_ghost_split, chequers_garden, roderic_lattice_a, uniq_ijyb
D:5:      layout_basic, mainiacjoe_overflow_concentric_impassable,
          pdpol_wu_jian_five_deadly_venoms, uniq_prince_ribbit1

Skill      XL: |  1  2  3  4  5  6 |
---------------+-------------------+-----
Stealth        | 1 |  1.0
Armour         | 1 2 3 |  3.8
Dodging        | 3 |  3.3
Ranged Weapons | 5 |  5.7
Invocations    | 1 2 |  2.4
Fighting       | 3 4 |  4.0
Axes           | 1 2 3 |  3.6

Action                   |  1- 3 |  4- 6 |  7- 9 || total
-------------------------+-------+-------+-------++-------
Melee: Short sword       |     6 |    23 |       ||    29
       Headbutt          |     2 |    24 |     1 ||    27
       Hand axe          |       |    82 |     3 ||    85
       Punch             |       |       |     1 ||     1
 Fire: Shortbow          |    99 |    55 |       ||   154
  Use: Potion            |       |     2 |       ||     2
Armor: Leather armour    |    11 |     3 |       ||    14
       Chain mail        |       |    47 |     1 ||    48
Dodge: Dodged            |    25 |    55 |       ||    80
Block: Other             |     6 |    17 |       ||    23
